 Dungeon Crawl Stone Soup version 0.31-a0-968-g24f9ace8b5 (webtiles) character file.

Game seed: 1271468956428519050

92 Xavori the Trooper (level 4, -2/35 HPs)
             Began as a Djinni Chaos Knight on Oct 27, 2023.
             Was a Plaything of Xom.
             Frozen to death by an endoplasm (6 damage)
             ... on level 2 of the Dungeon.
             The game lasted 00:01:10 (6346 turns).

Xavori the Trooper (Djinni Chaos Knight)            Turns: 6346, Time: 00:01:11

Health: -2/35      AC:  9    Str: 11    XL:     4   Next: 90%
Gold:   41         EV: 12    Int: 13    God:    Xom [.*....] SH:  0 Dex: 15

rFire   + + .        a - +0 falchion (chaos)
rCold   x . .        (no shield)
rNeg    . . .        b - +2 leather armour
rPois   ∞            (helmet unavailable)
rElec   .            (no cloak)
rCorr   .            g - +1 pair of gloves
SInv    +            (boots unavailable)
Will    .....        (no amulet)
Stlth   +            (no ring)
HPRegen 0.25/turn    (no ring)
MPRegen 0.00/turn

%: clarity, infuse magic (-3 HP)
@: flying
A: sickness immunity, fire resistance 2, cold vulnerability 1, float, innate
caster, HP casting, extra vitality 1, antennae 3, iridescent scales 1, clarity
a: Renounce Religion


You were on level 2 of the Dungeon.
You worshipped Xom.
You were a plaything of Xom.
You visited 1 branch of the dungeon, and saw 2 of its levels.

You collected 41 gold pieces.

Inventory:

Hand Weapons
 a - a +0 falchion of chaos (weapon)
Armour
 b - a +2 leather armour (worn)
 g - a +1 pair of gloves (worn)
Jewellery
 d - a ring of willpower
Scrolls
 c - a scroll of butterflies
 f - a scroll of fog {unknown}
 h - 2 scrolls of identify {unknown}
Potions
 e - a potion of ambrosia {unknown}
 i - a potion of brilliance {unknown}
 j - 2 potions of mutation {unknown}
 k - a potion of heal wounds {unknown}


   Skills:
 + Level 3.4 Fighting
 + Level 3.1 Long Blades
 + Level 1.9 Armour
 + Level 2.9 Dodging
 * Level 1.3 Spellcasting
 * Level 1.3 Conjurations
 * Level 1.3 Hexes
   Level 0.0 Charms
 * Level 1.3 Summonings
 * Level 1.3 Necromancy
 * Level 1.3 Translocations
 * Level 1.3 Transmutations
 * Level 1.3 Fire Magic
 * Level 1.3 Ice Magic
 * Level 1.3 Air Magic
 * Level 1.3 Earth Magic
 * Level 1.3 Poison Magic


You knew the following spells:

 Your Spells              Type           Power      Damage    Failure   Level
a - Apportation           Tloc           8%         N/A       22%         1
Your spell library was empty.

Dungeon Overview and Level Annotations

Branches:
Dungeon (2/15)

Altars:


Innate Abilities, Weirdness & Mutations

You are immune to sickness and miasma.
You are immune to poison.
Your flesh is very heat resistant. (rF++)
You are vulnerable to cold. (rC-)
You float through the air rather than walking.
You learn spells naturally, not from books.
Your magical power is your life essence.
You have superior vitality. (+4 MHP)
You have a pair of large antennae on your head. (SInv)
You are partially covered in iridescent scales. (AC +2)
You possess an exceptional clarity of mind.


Message History

Unknown command.
You are too injured to fight recklessly!
The endoplasm attacks as it pursues you!
The endoplasm barely misses you. Terence misses you.
Terence attacks as he pursues you! Terence hits you with a +0 flail!
* * * LOW HITPOINT WARNING * * *
You closely miss Terence.
Terence is severely wounded.
Terence hits you with a +0 flail.
* * * LOW HITPOINT WARNING * * *
Terence misses you.
You barely miss Terence.
Terence is severely wounded.
Terence hits you with a +0 flail.
* * * LOW HITPOINT WARNING * * *
Terence hits you but does no damage.
You barely miss Terence.
Terence is severely wounded.
Terence hits you but does no damage.
You closely miss Terence.
Terence is almost dead.
Terence hits you but does no damage. Terence hits you with a +0 flail.
* * * LOW HITPOINT WARNING * * *
You hit Terence. You burn Terence.
Terence is almost dead.
You kill Terence!
You hit the endoplasm but do no damage. You drain the endoplasm.
The endoplasm is severely wounded.
The endoplasm closely misses you.
You hit the endoplasm but do no damage.
The endoplasm is severely wounded.
The endoplasm hits you but does no damage.
You hit the endoplasm but do no damage.
The endoplasm is severely wounded.
The endoplasm barely misses you. The endoplasm freezes you.
You are frozen.
You feel a terrible chill!
You die... "It's all fun and games until someone loses an eye."

#..##...## #. #.#..
#........## #.# #.#.#
###.........## .# #.#..
{ .............# .#
#.### .............##.#
#.# ..............#.#
............#.#.#
............#.#.#
..............@.#
#######.#####J###
######........########
......................
#######..###......<...#
##.. #............[..#
...###
#.#####.........#
.....###.# ##....#####
.........######....#


You could see an endoplasm (very drained).

Vanquished Creatures
  A jelly (D:2)
  Terence (D:2)
  An adder (D:2)
  2 dart slugs
  2 bats
  4 endoplasms (D:1)
  A giant cockroach (D:1)
  3 goblins (D:1)
  3 hobgoblins (D:1)
  2 quokkas (D:1)
  3 ball pythons
  A frilled lizard (D:1)
  A kobold (D:1)
  A rat (D:1)
26 creatures vanquished.

Notes
Turn   | Place    | Note
-------+----------+-------------------------------------------
     0 | D:1      | Xavori the Djinni Chaos Knight began the quest for the Orb.
     0 | D:1      | Reached XP level 1. HP: 20/20 MP: 0/0
   248 | D:1      | Reached XP level 2. HP: 18/25 MP: 0/0
   612 | D:1      | Reached XP level 3. HP: 30/30 MP: 0/0
   612 | D:1      | Learned a level 1 spell: Apportation
   653 | D:1      | XOM: silly message
   685 | D:1      | XOM: divination: detect creatures
   921 | D:2      | Found a faded altar of an unknown god.
  1026 | D:1      | XOM: noise
  1483 | D:1      | XOM: divination: detect creatures
  1628 | D:1      | XOM: give mutations
  1628 | D:1      | Gained mutation: You have a pair of small antennae on your
                  | head. [Xom's grace]
  1628 | D:1      | Gained mutation: You are somewhat resistant to further
                  | mutation. [Xom's grace]
  1628 | D:1      | Gained mutation: You passively dampen the noise of your
                  | surroundings. [Xom's grace]
  1628 | D:1      | Gained mutation: You have supernaturally acute eyesight.
                  | (SInv) [Xom's grace]
  2042 | D:1      | XOM: divination: detect creatures
  2065 | D:1      | XOM: give mutations
  2065 | D:1      | Gained mutation: You have a pair of antennae on your head.
                  | [Xom's grace]
  2065 | D:1      | Gained mutation: You are somewhat resistant to both further
                  | mutation and mutation removal. [Xom's grace]
  2153 | D:1      | XOM: silly message
  2470 | D:1      | XOM: draining
  3054 | D:1      | XOM: divination: detect items
  3861 | D:1      | XOM: give mutation
  3861 | D:1      | Lost mutation: You have supernaturally acute eyesight.
                  | (SInv) [Xom's mischief]
  4786 | D:1      | XOM: god gift: scale mail {god gift}
  5782 | D:1      | XOM: give mutations
  5782 | D:1      | Lost mutation: You are somewhat resistant to both further
                  | mutation and mutation removal. [Xom's mischief]
  5782 | D:1      | Gained mutation: You occasionally lose the ability to drink
                  | potions when taking damage. [Xom's mischief]
  5782 | D:1      | Gained mutation: You have a pair of large antennae on your
                  | head. (SInv) [Xom's mischief]
  5782 | D:1      | Lost mutation: You are somewhat resistant to further
                  | mutation. [Xom's mischief]
  5803 | D:1      | XOM: give mutation
  5803 | D:1      | Gained mutation: You possess an exceptional clarity of
                  | mind. [Xom's mischief]
  5900 | D:1      | XOM: give mutations
  5900 | D:1      | Gained mutation: You are partially covered in iridescent
                  | scales. (AC +2) [Xom's mischief]
  5900 | D:1      | Lost mutation: You occasionally lose the ability to drink
                  | potions when taking damage. [Xom's mischief]
  5900 | D:1      | Lost mutation: You passively dampen the noise of your
                  | surroundings. [Xom's mischief]
  6212 | D:2      | XOM: polymorph adder -> jelly
  6218 | D:2      | Reached skill level 1 in Spellcasting
  6218 | D:2      | Reached skill level 1 in Conjurations
  6218 | D:2      | Reached skill level 1 in Hexes
  6218 | D:2      | Reached skill level 1 in Summonings
  6218 | D:2      | Reached skill level 1 in Necromancy
  6218 | D:2      | Reached skill level 1 in Translocations
  6218 | D:2      | Reached skill level 1 in Transmutations
  6218 | D:2      | Reached skill level 1 in Fire Magic
  6218 | D:2      | Reached skill level 1 in Ice Magic
  6218 | D:2      | Reached skill level 1 in Air Magic
  6218 | D:2      | Reached skill level 1 in Earth Magic
  6218 | D:2      | Reached skill level 1 in Poison Magic
  6222 | D:2      | Reached XP level 4. HP: 21/35 MP: 0/0
  6297 | D:2      | XOM: 1-stop teleportation journey
  6325 | D:2      | Noticed Terence
  6343 | D:2      | Killed Terence
  6346 | D:2      | Frozen to death by an endoplasm

Illustrated notes

Levels and vault maps discovered:
D:1:      ldierk_walled_garden, layout_basic
D:2:      layout_basic, nicolae_ecumenical_pavilion, hangedman_decor_push,
          minmay_misc_feat_four_crosses, uniq_terence

Skill      XL: |  1  2  3 |
---------------+----------+-----
Long Blades    | 3 |  3.1
Spellcasting   | 1 |  1.3
Conjurations   | 1 |  1.3
Hexes          | 1 |  1.3
Summonings     | 1 |  1.3
Necromancy     | 1 |  1.3
Translocations | 1 |  1.3
Transmutations | 1 |  1.3
Fire Magic     | 1 |  1.3
Ice Magic      | 1 |  1.3
Air Magic      | 1 |  1.3
Earth Magic    | 1 |  1.3
Poison Magic   | 1 |  1.3
Fighting       | |  3.4
Armour         | |  1.9
Dodging        | |  2.9

Action                     |  1- 3 |  4- 6 || total
---------------------------+-------+-------++-------
  Melee: Falchion          |    83 |    15 ||    98
         Punch             |     2 |       ||     2
 Armour: Leather armour    |    50 |    13 ||    63
  Dodge: Dodged            |    58 |    10 ||    68

Table legend: (Time is in decaauts)
 A = Elapsed time spent in this place.
 B = Non-inter-level travel time spent in this place.
 C = Inter-level travel time spent in this place.
 D = Time resting spent in this place.
 E = Time spent auto-exploring this place.
 F = Levels seen in this place.
 G = Mean time per level.
                   A        B        C        D        E       F      G
               +--------+--------+--------+--------+--------+-----+--------+
         Total |   6362 |   6344 |     18 |   5296 |    820 |   2 | 3181.0 |
       Dungeon |   6362 |   6344 |     18 |   5296 |    820 |   2 | 3181.0 |
               +--------+--------+--------+--------+--------+-----+--------+

Top non-repeatable levels by time:
     D:1: 6095 daAuts
     D:2: 266 daAuts
